 Dungeon Crawl Stone Soup version 0.31-b1-20-g67cafac56d (webtiles) character file.

Game seed: 8681753281040621141

3140 solopath the Basher (level 9, -1/103 (105) HPs)
             Began as an Oni Berserker on Jan 18, 2024.
             Was an Elder of Trog.
             Slain by a gnoll
             ... wielding a +0 halberd
             ... led by a gnoll sergeant
              (5 damage)
             ... on level 7 of the Dungeon.
             The game lasted 00:10:01 (5865 turns).

solopath the Basher (Oni Berserker)                 Turns: 5865, Time: 00:10:04

HP:   -1/103 (105)  AC:  3    Str: 27    XL:     9   Next: 92%
MP:   9/9           EV: 10    Int:  8    God:    Trog [****..]
Gold: 125           SH:  0    Dex:  8    Spells: 8/8 levels left

rFire   . . .        s - +0 giant club
rCold   . . .        (shield currently unavailable)
rNeg    . . .        b - +0 animal skin
rPois   +            (helmet restricted)
rElec   .            (no cloak)
rCorr   +            (gloves unavailable)
SInv    .            (boots unavailable)
Will    .....        e - amulet of regeneration
Stlth   +            x - ring of poison resistance
HPRegen 1.17/turn    w - ring of resist corrosion
MPRegen 0.11/turn

%: no passive effects
@: about to teleport, on berserk cooldown, slowed, lightly drained, very slow
A: large, unfitting armour, horns 1, tough skin 1, double potion healing,
drunken brawling
a: Renounce Religion, Berserk, Trog's Hand, Brothers in Arms


You were on level 7 of the Dungeon.
You worshipped Trog.
Trog was greatly pleased with you.
You visited 1 branch of the dungeon, and saw 7 of its levels.
You also visited: Sewer.

You collected 453 gold pieces.
You spent 328 gold pieces at shops.

Inventory:

Hand Weapons
 m - a +2 whip of venom
 s - a +0 giant club (weapon)
Missiles
 h - 5 large rocks (quivered)
Armour
 b - a +0 animal skin (worn)
Jewellery
 e - an amulet of regeneration (around neck)
 g - an amulet of magic regeneration
 j - a ring of magical power
 w - a ring of resist corrosion (right hand)
 x - a ring of poison resistance (left hand)
Wands
 u - a wand of light (8)
 y - a wand of digging (3)
Scrolls
 a - a scroll of revelation
 c - 2 scrolls of vulnerability
 f - 3 scrolls of fog
 i - a scroll of immolation
 o - 2 scrolls of enchant armour {unknown}
 q - a scroll of fear {unknown}
 t - a scroll of teleportation
Potions
 d - 7 potions of heal wounds
 k - 4 potions of curing
 l - 2 potions of haste
 n - a potion of enlightenment
 p - 3 potions of might
 r - 2 potions of attraction {unknown}
 v - a potion of brilliance {unknown}


   Skills:
 + Level 11.0 Fighting
 * Level 11.4 Maces & Flails
 - Level 2.6 Dodging


You had 8 spell levels left.
You didn't know any spells.
Your spell library was empty.

Dungeon Overview and Level Annotations

Branches:
Dungeon (7/15)              Sewer (visited)
 Temple: D:4-7

Altars:
Ashenzari
Fedhas
Qazlal
Ru
Trog
Xom
Zin
The Shining One

Shops:
D:2 ?   D:3 *!   D:4 (   D:6 *

Annotations:
D:7 3 runed translucent doors, champdelmundo's ghost, novice MiBe; laqueoix's ghost, novice OnGl; monsoonserge's ghost, novice OnFi


Innate Abilities, Weirdness & Mutations

You are too large for most types of armour.
You have a pair of small horns on your head.
You have tough skin. (AC +1)
You gain doubled healing and magic from potions.
Whenever you drink a healing potion, you attack all around you.


Message History

You feel a strong urge to attack something.
The gnoll sergeant barely misses you. The gnoll closely misses you.
A sleepcap comes into view.
You feel your anger nearly subside.
You are no longer berserk.
You are exhausted.
You feel yourself slow down. The gnoll barely misses you.
You bludgeon the gnoll!!
You kill the gnoll!
Trog accepts your kill. The gnoll closely misses you.
The gnoll sergeant hits you with a +0 trident!
The gnoll barely misses you.
The gnoll sergeant hits you with a +0 trident!
The gnoll hits you from afar with a +0 halberd.
The gnoll sergeant hits you from afar with a +0 trident.
You see here a +0 spear.
The gnoll closely misses you.
The gnoll sergeant completely misses you.
The sleepcap releases spores at you.
You are engulfed in a cloud of soporific spores!
You fall asleep.
The gnoll hits you from afar with a +0 halberd!!
You wake up.
The gnoll sergeant hits you with a +0 trident!
* * * LOW HITPOINT WARNING * * *
You fail to use your ability.
The sleepcap closely misses you. The gnoll closely misses you.
The gnoll hits you from afar with a +0 halberd.
* * * LOW HITPOINT WARNING * * *
The gnoll sergeant hits you with a +0 trident!
* * * LOW HITPOINT WARNING * * *
Unknown command.
As you read the scroll of teleportation, it crumbles to dust.
You feel strangely unstable. The sleepcap releases spores at you.
* * * LOW HITPOINT WARNING * * *
The gnoll barely misses you. x2; The gnoll sergeant barely misses you.
The sleepcap barely misses you.
The gnoll hits you from afar with a +0 halberd.
You die...

############
##########
.##........#
###.........
.##.######.#
#...........
.##.#### #.#
#.#.........
..(....#
#.####.g##Y....g.
.##.##.#
#..))#..#g#......
###.##)#
#.##)..@f# ##....
#.##.###.####g...#
... #........#
#....# ..
####.##### #.....#
Y #.# #......# #.#
#........ #.#
#......... # #.#
.......##. ## #..


You could see a sky beast, a sleepcap, a gnoll sergeant and 2 gnolls.

Vanquished Creatures
  Pikel (D:6)
  Grinder (D:3)
  Prince Ribbit (D:5)
  2 water moccasins
  A sky beast (D:7)
  A black bear (D:6)
  An orc warrior (D:6)
  An ice beast (D:6)
  A centaur (D:7)
  4 lemures (D:6)
  An ogre (D:5)
  2 phantoms
  5 scorpions
  7 wights (D:7)
  A howler monkey (D:5)
  A jelly (D:5)
  2 hounds
  3 orc priests
  A gnoll bouda (D:7)
  Jessica (D:3)
  An iguana (D:4)
  3 orc wizards
  A hell rat (Sewer)
  Robin (D:2)
  11 gnolls
  5 adders
  2 shadow imps
  2 ufetubi (D:5)
  A dart slug (D:1)
  4 ribbon worms
  19 orcs
  6 ball pythons
  4 bats
  6 endoplasms
  A giant cockroach (D:2)
  18 goblins
  8 hobgoblins
  5 jackals
  3 quokkas
  3 frilled lizards
  15 kobolds
  9 rats
166 creatures vanquished.

Notes
Turn   | Place    | Note
-------+----------+-------------------------------------------
     0 | D:1      | solopath the Oni Berserker began the quest for the Orb.
     0 | D:1      | Reached XP level 1. HP: 24/24 MP: 1/1
   102 | D:1      | Reached XP level 2. HP: 32/32 MP: 2/2
   255 | D:1      | Reached XP level 3. HP: 13/40 MP: 3/3
   427 | D:1      | Reached ** piety under Trog
  1004 | D:2      | Found Qaffympe's Magic Scroll Shop.
  1009 | D:2      | Bought a scroll of identify for 26 gold pieces
  1009 | D:2      | Bought a scroll of noise for 13 gold pieces
  1009 | D:2      | Bought a scroll of vulnerability for 52 gold pieces
  1084 | D:2      | Noticed Robin
  1096 | D:2      | Killed Robin
  1097 | D:2      | Reached XP level 4. HP: 25/49 MP: 4/4
  1099 | D:2      | Reached skill level 5 in Fighting
  1633 | D:3      | Found a sacrificial altar of Ru.
  1633 | D:3      | Found a glowing golden altar of the Shining One.
  1633 | D:3      | Noticed Grinder
  1649 | D:3      | Killed Grinder
  1650 | D:3      | Reached skill level 5 in Maces & Flails
  1650 | D:3      | Reached XP level 5. HP: 40/59 MP: 5/5
  1650 | D:3      | Reached XP level 6. HP: 46/67 MP: 6/6
  1772 | D:3      | Found a broken altar of Ashenzari.
  1772 | D:3      | Found a stormy altar of Qazlal.
  1779 | D:3      | Found a shimmering altar of Xom.
  1857 | D:3      | Found Tarixuulyj's General Store.
  2090 | D:3      | Found Neyxext's Distillery.
  2102 | D:3      | Bought a potion of degeneration for 14 gold pieces
  2102 | D:3      | Bought a potion of might for 56 gold pieces
  2163 | D:3      | Noticed Jessica
  2176 | D:3      | Killed Jessica
  2374 | D:3      | Reached *** piety under Trog
  2573 | D:4      | Reached XP level 7. HP: 72/76 MP: 7/7
  2764 | D:4      | Found a glowing drain.
  2776 | Sewer    | Entered a sewer
  3045 | D:4      | Found Apoqeocedgh's Weapon Boutique.
  3202 | D:5      | Entered Level 5 of the Dungeon
  3202 | D:5      | Noticed Prince Ribbit
  3214 | D:5      | Killed Prince Ribbit
  3215 | D:5      | Reached XP level 8. HP: 88/88 MP: 8/8
  4108 | D:5      | Found a glowing silver altar of Zin.
  4108 | D:5      | Found a bloodstained altar of Trog.
  4205 | D:2      | Bought a scroll of revelation for 97 gold pieces
  4278 | D:3      | Bought a potion of heal wounds for 70 gold pieces
  4827 | D:6      | Found Iriq Joy's General Store.
  4869 | D:6      | Noticed Pikel
  4874 | D:6      | Killed Pikel
  4875 | D:6      | Reached skill level 10 in Maces & Flails
  4875 | D:6      | Reached XP level 9. HP: 101/101 MP: 9/9
  4879 | D:6      | Reached **** piety under Trog
  5085 | D:6      | Reached skill level 10 in Fighting
  5490 | D:7      | Found a blossoming altar of Fedhas.
  5670 | D:7      | Found a runed translucent gate.
  5670 | D:7      | Found a runed translucent gate.
  5671 | D:7      | Found a runed translucent gate.
  5673 | D:7      | Noticed laqueoix's ghost (novice OnGl)
  5673 | D:7      | Noticed champdelmundo's ghost (novice MiBe)
  5673 | D:7      | Noticed monsoonserge's ghost (novice OnFi)
  5865 | D:7      | HP: 4/103 [sleepcap (6)]
  5865 | D:7      | Slain by a gnoll

Illustrated notes

Levels and vault maps discovered:
D:1:      saegor_arrival_simple_d, layout_loops_ring, moated_statue
D:2:      layout_loops_ring, serial_shops, shop, grunt_decor_mini_mirrors,
          uniq_robin
D:3:      layout_loops_cross, nicolae_overflow_hallway_of_the_gods,
          serial_shops, shop, shop, minmay_misc_feat_tower,
          minmay_misc_feat_diagonals, minmay_stone_trees_small,
          lexackson_kobold_supper, uniq_grinder, uniq_jessica
D:4:      layout_rooms, portal_sewer_entry_d, serial_shops,
          nicolae_lakefront_shop, st_stairs_9
D:5:      layout_loops_corners, gammafunk_temple_overflow_elements,
          uniq_prince_ribbit1
D:6:      layout_gridville, serial_shops, shop, uniq_pikel
D:7:      layout_loops_corners, lemuel_crystal_altar, minmay_temple_entry_waves,
          gammafunk_ghost_cemetery, minmay_misc_feat_secret_circle, uniq_maggie

Skill      XL: |  1  2  3  4  5  6  7  8  9 |
---------------+----------------------------+-----
Maces & Flails | 4 5 6 8 10 11 | 11.4
Fighting       | 6 8 9 11 | 11.0
Dodging        | |  2.6

Action                     |  1- 3 |  4- 6 |  7- 9 || total
---------------------------+-------+-------+-------++-------
  Melee: Mace              |    90 |    15 |       ||   105
         Headbutt          |     8 |    14 |    51 ||    73
         Punch             |     2 |       |     1 ||     3
         Whip              |       |    93 |   190 ||   283
         Giant club        |       |       |    82 ||    82
  Throw: Large rock        |       |     1 |     3 ||     4
 Invoke: Berserk           |     1 |     3 |     6 ||    10
    Use: Scroll            |       |     4 |     5 ||     9
   Stab: Sleeping          |       |       |     1 ||     1
 Armour: Animal skin       |    80 |    66 |   167 ||   313
  Dodge: Dodged            |    76 |    54 |   138 ||   268
